Map: 暮色之塔

Players

平步青云 - Winner!

  • Race: Terran Terran

电脑难度(困难)

  • Race: Terran Terran

VOD

Have the link to the VOD?

Description

Time

  • Played on: Dec. 26, 2015, 8:58 a.m.
  • Length: 8:31
Show
View Real Time Build Order
Export as new Build Order

平步青云 Terran - Winner!

Build Orders:  

Get SALT Encoding   

  12  0:01  SCV  
  13  0:13  SCV  
  14  0:19  Supply Depot  
  14  0:26  SCV  
  15  0:41  SCV  
  16  0:45  Barracks  
  16  0:59  SCV  
  17  1:07  Refinery  
  17  1:11  SCV  
  18  1:23  SCV  
  18  1:24  Barracks  
  19  1:31  Supply Depot  
  19  1:35  SCV, Marine  
  21  1:47  SCV  
  21  1:53  Marine  
  23  2:06  SCV, Refinery  
  24  2:21  Supply Depot  
  24  2:23  SCV  
  24  2:27  Barracks Tech Lab  
  26  2:31  Barracks Reactor  
  26  2:36  SCV  
  25  2:48  Orbital Command  
  25  2:54  Factory  
  25  3:09  Command Center  
  25  3:14  Marine x2  
  25  3:16  Marauder  
  29  3:36  Marine x2  
  29  3:41  Supply Depot  
  31  3:49  Starport  
  31  3:52  Factory Tech Lab  
  31  3:55  Marauder  
  33  3:58  Stimpack  
  33  4:02  Marine x2  
  35  4:04  Supply Depot  
  35  4:11  Siege Tank  
  38  4:25  Engineering Bay  
  38  4:26  SCV  
  38  4:28  Supply Depot  
  40  4:31  SCV  
  40  4:38  SCV, Marine x2  
  43  4:46  Medivac  
  43  4:50  SCV  
  43  4:51  Supply Depot  
  46  4:53  Siege Tank  
  46  4:57  Marauder  
  51  5:00  SCV  
  52  5:13  SCV  
  53  5:24  Medivac  
  55  5:33  Siege Tank  
  55  5:34  Marine x2  
  60  5:49  Marine  
  61  5:52  Marine  
  61  5:54  Medivac  
  64  5:59  Refinery  
  64  6:02  SCV  
  64  6:03  Refinery  
  65  6:05  SCV  
  65  6:07  Marauder  
  68  6:14  SCV  
  68  6:17  SCV  
  70  6:25  Siege Tank  
  73  6:26  SCV  
  73  6:29  SCV  
  73  6:31  Starport Tech Lab  
  75  6:35  Marine x2, Marauder  
  75  6:38  SCV  
  80  6:41  SCV  
  80  6:50  SCV  
  80  6:53  SCV  
  70  7:02  SCV  
  70  7:03  Marine  
  70  7:04  Marine  
  70  7:05  SCV  
  70  7:08  Marauder  
  76  7:12  Siege Tank  
  76  7:14  SCV  
  80  7:19  Medivac  
  80  7:21  Marine x2  
  84  7:27  SCV  
  85  7:56  Marine  
Show
View Real Time Build Order
Export as new Build Order

电脑难度(困难) Terran 

Build Orders:  

Get SALT Encoding   

  12  0:00  SCV  
  13  0:13  SCV  
  14  0:19  Supply Depot  
  14  0:25  SCV  
  15  0:41  SCV  
  16  0:42  Barracks  
  16  0:48  Refinery  
  16  0:53  SCV  
  17  1:05  SCV  
  18  1:17  SCV  
  19  1:20  Supply Depot  
  19  1:29  SCV, Marine  
  21  1:39  Barracks  
  21  1:42  Orbital Command  
  21  1:49  Barracks Tech Lab, Refinery  
  21  2:05  Factory  
  21  2:08  Marine  
  22  2:19  Supply Depot  
  22  2:26  Marine  
  23  2:30  Marine  
  26  2:44  Marauder  
  28  2:51  Hellion  
  28  2:53  Supply Depot  
  28  3:00  Marine  
  29  3:10  Marine  
  30  3:20  Marine  
  30  3:22  Supply Depot  
  31  3:30  Marine  
  33  3:34  SCV  
  33  3:40  Marine  
  34  3:46  SCV, Engineering Bay  
  35  3:51  Marauder  
  37  3:58  SCV  
  37  4:01  Hellion  
  40  4:10  SCV  
  40  4:11  Marine  
  40  4:14  Supply Depot  
  42  4:22  SCV, Hellion  
  45  4:34  SCV  
  46  4:44  Hellion  
  48  5:05  Hellion  
  50  6:40  Barracks Tech Lab, Widow Mine  
  50  6:42  Factory  
  50  6:47  Command Center  
  52  6:48  Missile Turret  
  52  6:49  Missile Turret  
  52  6:51  Supply Depot, Barracks, Marine  
  52  6:53  Starport  
  43  6:57  Combat Shields  
  43  7:00  Marine  
  43  7:01  Starport  
  36  7:10  Factory Tech Lab, Bunker, Marine  
  37  7:19  Marine  
  38  7:25  Factory Tech Lab  
  38  7:28  Marine  
  39  7:32  Starport Tech Lab  
  39  7:36  Starport Tech Lab  
  37  7:38  Marine  
  31  7:47  Marine  
  31  7:54  Hellion  
  31  7:57  Hellion  
  24  8:06  SCV, Refinery, Marine  
  24  8:08  SCV  
  24  8:09  Refinery  
  21  8:14  Barracks Tech Lab  
  21  8:15  Factory Tech Lab  
  21  8:18  SCV  
Tags
 
Matchup
TvT
Race
Terran
Replay Pack
中心协议 (3)
Add a new tag
Caveats
  • Supply blocks, unpowered buildings, or Contaminate may cause inaccurate times.
  • Supply counts are checked every 10 seconds.